[Event "Stadtmeisterschaft Ulm/Neu-Ulm 2009"]
[Site "Ulm"]
[Date "2009.10.09"]
[Round "3"]
[White "Zierke, Markus"]
[Black "Rainer, Wolf"]
[Result "0-1"]
[ECO "D00"]
[WhiteElo "1725"]
[BlackElo "1961"]
[Annotator ",Fred"]
[PlyCount "86"]
[EventDate "2009.??.??"]
[TimeControl "40/5400+30:0"]

1. d4 d5 2. e3 Nf6 3. f4 Bf5 4. Nf3 e6 5. Be2 Be7 6. O-O Nbd7 7. Ne5 h5 8. Nd2
Nxe5 9. fxe5 Ng4 10. Nf3 Bg5 11. Nxg5 Qxg5 12. Bxg4 hxg4 13. e4 Qh4 14. exf5
Qxh2+ 15. Kf2 exf5 16. Qe2 Qh4+ 17. Ke3 Qg3+ 18. Kd2 Rh2 19. Qd3 Qxg2+ 20. Kd1
O-O-O 21. Bd2 Rdh8 22. c3 g6 23. Kc2 R8h3 24. Rg1 Qf2 25. Qf1 Qh4 26. Qb5 c6
27. Qc5 Qd8 28. Qxa7 Qg5 29. Rad1 Qe3 30. Qa8+ Kc7 31. Kc1 Rxd2 32. Qa5+ Kd7
33. Rxd2 Qxg1+ 34. Kc2 Rh1 35. Kb3 Qf1 36. Qa8 Qb5+ 37. Kc2 Kc7 38. Qa3 Kb6 39.
Qe7 Qa4+ 40. Kd3 Qc4+ 41. Ke3 f4+ 42. Kxf4 Qf1+ 43. Kg5 Qf5# 0-1

[Event "Stadtmeisterschaft Ulm/Neu-Ulm 2009"]
[Site "Ulm"]
[Date "2009.10.16"]
[Round "3"]
[White "Geutebrück, Sebastian"]
[Black "Kromer, Thomas"]
[Result "1-0"]
[ECO "D04"]
[WhiteElo "1910"]
[BlackElo "1675"]
[Annotator ",Fred"]
[PlyCount "49"]
[EventDate "2009.??.??"]
[TimeControl "40/5400+30:0"]

1. d4 Nf6 2. Nf3 d5 3. e3 g6 4. Nbd2 Bg7 5. Be2 O-O 6. O-O Bg4 7. h3 Bf5 8. c4
Nc6 9. Qb3 Na5 10. Qa4 Nxc4 11. Nxc4 dxc4 12. Bxc4 c6 13. Qb3 Qb6 14. Bd2 Ne4
15. Bb4 Nd6 16. Be2 Be6 17. Qa3 Qc7 18. Rfc1 Qd7 19. Ne5 Bxe5 20. dxe5 Ne4 21.
Rd1 Qc7 22. Bxe7 Qxe5 23. Bxf8 Rxf8 24. Rd4 c5 25. f4 1-0

[Event "Stadtmeisterschaft Ulm/Neu-Ulm 2009"]
[Site "Ulm"]
[Date "2009.10.16"]
[Round "3"]
[White "Hoffart, Alexander"]
[Black "Frühsorger, Dieter"]
[Result "0-1"]
[ECO "B53"]
[WhiteElo "1828"]
[BlackElo "1659"]
[Annotator ",Fred"]
[PlyCount "90"]
[EventDate "2009.??.??"]
[TimeControl "40/5400+30:0"]

1. e4 c5 2. Nf3 d6 3. d4 cxd4 4. Qxd4 Nc6 5. Bb5 Bd7 6. Bxc6 Bxc6 7. O-O Nf6 8.
e5 dxe5 9. Qxd8+ Rxd8 10. Nxe5 Be4 11. Nc3 e6 12. Nxe4 Nxe4 13. Be3 Bc5 14.
Bxc5 Nxc5 15. Rfd1 Ke7 16. b4 Na6 17. a3 f6 18. Nd3 Rc8 19. b5 Nc5 20. Nb4 Na4
21. Rd4 Nc3 22. Kf1 Nxb5 23. Rg4 g5 24. c4 h5 25. Re4 Nd6 26. Re2 Nxc4 27. a4
Rhd8 28. Ke1 a5 29. Nc2 Rd3 30. Rb1 Rc7 31. Ne3 Nxe3 32. fxe3 Ra3 33. Reb2
Rxe3+ 34. Kf2 Ra3 35. Rxb7 Rxb7 36. Rxb7+ Kf8 37. h4 Rxa4 38. hxg5 fxg5 39. Rh7
h4 40. Ra7 Rf4+ 41. Ke2 Rf5 42. Ke3 Kg8 43. Ke2 g4 44. Re7 g3 45. Rxe6 Rf2+ 0-1

[Event "Stadtmeisterschaft Ulm/Neu-Ulm 2009"]
[Site "Ulm"]
[Date "2009.10.16"]
[Round "3"]
[White "Rix, Michael"]
[Black "Sander, Luzia"]
[Result "1-0"]
[ECO "D05"]
[WhiteElo "1645"]
[BlackElo "1786"]
[Annotator ",Fred"]
[PlyCount "76"]
[EventDate "2009.??.??"]
[TimeControl "40/5400+30:0"]

1. d4 d5 2. Nf3 Nf6 3. e3 e6 4. Bd3 Be7 5. O-O O-O 6. Nbd2 Nbd7 7. e4 dxe4 8.
Nxe4 Nxe4 9. Bxe4 Nf6 10. Bd3 h6 11. c3 a6 12. Ne5 c5 13. dxc5 Bxc5 14. Qe2 Qc7
15. Bf4 Bd6 16. Rad1 b5 17. Rfe1 Bb7 18. Bc2 Rfd8 19. Bg3 Bd5 20. Bh4 g5 21.
Bg3 Bxa2 22. Qf3 Kg7 23. b3 Nd5 24. Qd3 f5 25. c4 Nb4 26. Qc3 f4 27. Ng4+ e5
28. Nxe5 Nxc2 29. Nc6+ Kg8 30. Qxc2 Bxb3 31. Qxb3 Qf7 32. Nxd8 Rxd8 33. Bxf4
bxc4 34. Qc3 Qf5 35. g3 Qf7 36. Re4 Rf8 37. Qxc4 Qxc4 38. Rxc4 Be5 1-0

[Event "Stadtmeisterschaft Ulm/Neu-Ulm 2009"]
[Site "Ulm"]
[Date "2009.10.16"]
[Round "3"]
[White "Förderreuther, Jonas"]
[Black "Hackstein, Urs"]
[Result "1/2-1/2"]
[ECO "C30"]
[WhiteElo "1623"]
[BlackElo "1747"]
[Annotator ",Fred"]
[PlyCount "60"]
[EventDate "2009.??.??"]
[TimeControl "40/5400+30:0"]

1. e4 e5 2. f4 Bc5 3. Nf3 d6 4. Nc3 exf4 5. d4 Bb6 6. Bxf4 Bg4 7. Bc4 f6 8. O-O
a6 9. Nd5 Ba7 10. c3 Nc6 11. b4 Nge7 12. Qb3 Bxf3 13. Rxf3 Nxd4 14. Nxf6+ gxf6
15. Bf7+ Kd7 16. cxd4 Bxd4+ 17. Kh1 c6 18. Rd1 Be5 19. Bxe5 fxe5 20. Rfd3 Nc8
21. Be6+ Kc7 22. Bxc8 Rxc8 23. Qf7+ Qd7 24. Qxd7+ Kxd7 25. Rxd6+ Kc7 26. Rd7+
Kb8 27. g3 Rc7 28. R1d6 Re8 29. Kg2 Kc8 30. Rxc7+ Kxc7 1/2-1/2

[Event "Stadtmeisterschaft Ulm/Neu-Ulm 2009"]
[Site "Ulm"]
[Date "2009.10.16"]
[Round "3"]
[White "Goda, Frederic"]
[Black "Lepschi, Albert"]
[Result "0-1"]
[ECO "D02"]
[WhiteElo "1605"]
[BlackElo "1716"]
[Annotator ",Fred"]
[PlyCount "74"]
[EventDate "2009.??.??"]
[TimeControl "40/5400+30:0"]

1. d4 Nf6 2. Nf3 e6 3. Bf4 d5 4. e3 c5 5. c3 Nc6 6. Nbd2 Be7 7. Bd3 O-O 8. Ne5
Qb6 9. Rb1 a5 10. a4 Nb8 11. g4 Nbd7 12. h4 Nxe5 13. dxe5 Nd7 14. g5 c4 15.
Bxh7+ Kxh7 16. Qh5+ Kg8 17. g6 fxg6 18. Qxg6 Rf7 19. Nf3 Nf8 20. Qg4 Qb3 21.
Kd2 Bd7 22. Rhg1 Bxa4 23. Nd4 Qb6 24. f3 Kh7 25. Qh5+ Kg8 26. Bh6 Nh7 27. Qg6
Bf8 28. f4 Ra6 29. h5 Qd8 30. f5 exf5 31. Qg2 Rxh6 32. Rbf1 Rxh5 33. Ne6 Qb6
34. Qxd5 Qxb2+ 35. Ke1 Rh2 36. Rxg7+ Bxg7 37. Qd8+ Nf8 0-1

[Event "Stadtmeisterschaft Ulm/Neu-Ulm 2009"]
[Site "Ulm"]
[Date "2009.10.16"]
[Round "3"]
[White "Andritzke, Karl-Heinz"]
[Black "Schäufele, Jörg"]
[Result "0-1"]
[ECO "A30"]
[WhiteElo "1414"]
[BlackElo "1705"]
[Annotator ",Fred"]
[PlyCount "143"]
[EventDate "2009.??.??"]
[TimeControl "40/5400+30:0"]

1. Nf3 Nf6 2. c4 c5 3. Na3 Nc6 4. d3 g6 5. g3 Bg7 6. Bg2 O-O 7. O-O d6 8. Nc2
Ng4 9. h3 Nge5 10. a3 Nxf3+ 11. exf3 Bd7 12. Rb1 Qc8 13. g4 f5 14. Re1 Rf7 15.
Ne3 Qf8 16. g5 f4 17. Nd5 e5 18. b4 cxb4 19. axb4 Be6 20. Nc3 Nd4 21. Ba3 Qe8
22. Ne4 Qd7 23. Kh2 Bf5 24. b5 Bxe4 25. dxe4 Qd8 26. Rg1 Qxg5 27. Bxd6 Rd7 28.
c5 b6 29. Bf1 Qh5 30. Bc4+ Kh8 31. Rg4 Rc8 32. c6 Rxd6 33. Bd5 Ne6 34. Ra1 Ng5
35. h4 Rc7 36. Kg2 Ne6 37. Ra3 g5 38. Qh1 Bf6 39. hxg5 Qxh1+ 40. Kxh1 Nxg5 41.
Kg2 Kg7 42. Ra1 h5 43. Rh4 Kg6 44. Rah1 Rh7 45. Rxh5 Rxh5 46. Rxh5 Ne6 47. Bxe6
Rxe6 48. c7 Re8 49. Rh1 Rc8 50. Rc1 Kf7 51. Rc6 Ke7 52. Kh3 Bh8 53. Kg4 Kd7 54.
Kf5 Rxc7 55. Rh6 Bg7 56. Rh7 Kd6 57. Kg6 Kc5 58. Rxg7 Rxg7+ 59. Kxg7 Kxb5 60.
Kf6 a5 61. Kxe5 a4 62. Kxf4 a3 63. e5 a2 64. Kf5 a1=Q 65. f4 Kc6 66. Kf6 Kd7
67. f5 Ke8 68. f4 b5 69. Ke6 Qa6+ 70. Kd5 Qb7+ 71. Kd6 Qd7+ 72. Kc5 0-1

[Event "Stadtmeisterschaft Ulm/Neu-Ulm 2009"]
[Site "Ulm"]
[Date "2009.10.16"]
[Round "3"]
[White "Jahn, Manfred"]
[Black "Meier, Dennis"]
[Result "1-0"]
[ECO "D16"]
[WhiteElo "1689"]
[BlackElo "1378"]
[Annotator ",Fred"]
[PlyCount "39"]
[EventDate "2009.??.??"]
[TimeControl "40/5400+30:0"]

1. d4 d5 2. c4 Nf6 3. Nc3 c6 4. Nf3 dxc4 5. a4 Qa5 6. Bd2 Nbd7 7. e3 e6 8. Bxc4
Bb4 9. O-O Nd5 10. Qc2 O-O 11. Bd3 N7f6 12. e4 Nxc3 13. bxc3 Be7 14. e5 Nh5 15.
g4 Ng3 16. Bxh7+ Kh8 17. fxg3 g6 18. Bxg6 fxg6 19. Qxg6 Rg8 20. Qh6# 1-0

[Event "Stadtmeisterschaft Ulm/Neu-Ulm 2009"]
[Site "Ulm"]
[Date "2009.10.16"]
[Round "3"]
[White "Späth, Gerhardt"]
[Black "Maftaj, Miftar"]
[Result "1-0"]
[ECO "C40"]
[WhiteElo "1683"]
[BlackElo "796"]
[Annotator ",Fred"]
[PlyCount "25"]
[EventDate "2009.??.??"]
[TimeControl "40/5400+30:0"]

1. e4 e5 2. Nf3 Bc5 3. Nxe5 Qf6 4. d4 Bd6 5. Nf3 c5 6. e5 Bxe5 7. dxe5 Qe6 8.
Be2 b6 9. Bf4 Ba6 10. Nc3 Nc6 11. Nb5 Rc8 12. Nd6+ Ke7 13. Bxa6 1-0

[Event "Stadtmeisterschaft Ulm/Neu-Ulm 2009"]
[Site "Ulm"]
[Date "2009.10.16"]
[Round "3"]
[White "Schmid, Franz"]
[Black "von Koschitzky, Ignatio Simo"]
[Result "1-0"]
[ECO "A36"]
[WhiteElo "1920"]
[BlackElo "1305"]
[Annotator ",Fred"]
[PlyCount "83"]
[EventDate "2009.??.??"]
[TimeControl "40/5400+30:0"]

1. c4 c5 2. Nc3 g6 3. g3 Bg7 4. Bg2 Nf6 5. e3 Nc6 6. d4 cxd4 7. exd4 O-O 8.
Nge2 d6 9. O-O Rb8 10. Re1 Bf5 11. a3 e5 12. Bg5 Qc7 13. Rc1 Nd7 14. Nb5 Qb6
15. d5 Nd4 16. Nexd4 exd4 17. Be7 Rfe8 18. Bxd6 Rbc8 19. Rxe8+ Rxe8 20. Bc7 Qf6
21. Nd6 Ra8 22. c5 d3 23. g4 Bh6 24. Rc3 Bxg4 25. Qxg4 d2 26. Qd1 Qe5 27. Bf3
Qe1+ 28. Kg2 Ne5 29. Be2 Qxd1 30. Bxd1 f5 31. Nxb7 Nf7 32. Rd3 Rc8 33. d6 Bg5
34. Bb3 Kf8 35. Rd5 h6 36. Ba5 Rc6 37. h4 Bxh4 38. Bxd2 Bf6 39. Ba4 Ra6 40. Bb5
Bxb2 41. Bxa6 Bxa3 42. c6 1-0

[Event "Stadtmeisterschaft Ulm/Neu-Ulm 2009"]
[Site "Ulm"]
[Date "2009.10.16"]
[Round "3"]
[White "Goda, Robert-René"]
[Black "Krauß, Rainer"]
[Result "0-1"]
[ECO "D02"]
[WhiteElo "1544"]
[BlackElo "1726"]
[Annotator ",Fred"]
[PlyCount "120"]
[EventDate "2009.??.??"]
[TimeControl "40/5400+30:0"]

1. d4 d5 2. Bf4 Nf6 3. Nf3 Nc6 4. e3 e6 5. Nbd2 Bd6 6. Bxd6 Qxd6 7. c3 O-O 8.
Bd3 Re8 9. O-O b6 10. Re1 Bb7 11. e4 dxe4 12. Nxe4 Nxe4 13. Bxe4 Rad8 14. Ng5
h6 15. Bh7+ Kf8 16. Ne4 Qd5 17. Re3 Ne7 18. f3 f5 19. Ng3 g6 20. Re5 Qd7 21. f4
Kg7 22. Nh5+ gxh5 23. Qxh5 Kxh7 24. Qf7+ Kh8 25. Rxe6 Ng6 26. Qxd7 Rxd7 27.
Rxe8+ Kg7 28. Rae1 Kf7 29. R8e5 Rd5 30. a3 h5 31. R1e3 Rxe5 32. fxe5 Ne7 33.
Kf2 Nd5 34. Rf3 Ke6 35. g3 b5 36. Ke1 Bc6 37. Kd2 Nb6 38. Rf4 Nc4+ 39. Kc1 Bg2
40. Rf2 Be4 41. Re2 Bf3 42. Re1 a5 43. Kc2 Be4+ 44. Kc1 c5 45. Rd1 cxd4 46.
cxd4 Kd5 47. b4 a4 48. e6 Kxe6 49. d5+ Bxd5 50. Rd3 Be4 51. Rc3 Kd5 52. Rxc4
bxc4 53. Kd2 Kd4 54. b5 c3+ 55. Kc1 Kc5 56. b6 Kxb6 57. g4 hxg4 58. h4 gxh3 59.
Kd1 h2 60. Ke2 h1=Q 0-1

[Event "Stadtmeisterschaft Ulm/Neu-Ulm 2009"]
[Site "Ulm"]
[Date "2009.10.16"]
[Round "3"]
[White "Huppertz, Anton"]
[Black "Radovic, Miodrag"]
[Result "1-0"]
[ECO "E60"]
[WhiteElo "1349"]
[BlackElo "1506"]
[Annotator ",Fred"]
[PlyCount "93"]
[EventDate "2009.??.??"]
[TimeControl "40/5400+30:0"]

1. c4 Nf6 2. g3 g6 3. Bg2 Bg7 4. d4 e6 5. Nc3 c6 6. b4 O-O 7. e4 d6 8. Nge2 Qc7
9. h3 Nbd7 10. Be3 b6 11. Rc1 Bb7 12. O-O c5 13. bxc5 dxc5 14. Nb5 Qd8 15. Nd6
Rb8 16. Nxb7 Qc7 17. Nxc5 bxc5 18. Bf4 e5 19. dxe5 Nxe5 20. Bxe5 Qxe5 21. f4
Qc7 22. e5 Nd7 23. Nc3 Qa5 24. Qxd7 Rfd8 25. Qa4 Qc7 26. Nb5 Qd7 27. Qxa7 Qd2
28. Qxc5 Bf8 29. Nd6 Rb2 30. Qf2 Qb4 31. Rc2 Rb1 32. Rxb1 Qxb1+ 33. Kh2 Rb8 34.
Bb7 Rxb7 35. Nxb7 Qxb7 36. c5 Qc6 37. Qg2 Qc7 38. c6 Ba3 39. Qd5 Bb4 40. e6
fxe6 41. Qxe6+ Kf8 42. Re2 Be7 43. Qd7 Qd6 44. Rd2 Qxd7 45. Rxd7 Ke8 46. Rb7
Kd8 47. a4 1-0

[Event "Stadtmeisterschaft Ulm/Neu-Ulm 2009"]
[Site "Ulm"]
[Date "2009.10.16"]
[Round "3"]
[White "Lell, Stephan"]
[Black "Schmollinger, Jonathan"]
[Result "1/2-1/2"]
[ECO "A41"]
[WhiteElo "1494"]
[BlackElo "1262"]
[Annotator ",Fred"]
[PlyCount "137"]
[EventDate "2009.??.??"]
[TimeControl "40/5400+30:0"]

1. d4 g6 2. Bf4 d6 3. Nf3 Bg7 4. e3 Nd7 5. c3 b6 6. Nbd2 Bb7 7. e4 Ngf6 8. Qc2
O-O 9. h3 c5 10. d5 Nh5 11. Bh2 f5 12. c4 Nhf6 13. exf5 gxf5 14. Ng5 Qe8 15.
Ne6 Qh5 16. Nxf8 Rxf8 17. Be2 Qg6 18. Rg1 Bc8 19. O-O-O Ne5 20. Bxe5 dxe5 21.
Kb1 h5 22. g4 Qh7 23. g5 Ne4 24. Nxe4 fxe4 25. Bf1 Qg6 26. Ka1 Bf5 27. Qe2 h4
28. Qe3 Kh7 29. Be2 Rg8 30. Bg4 Rf8 31. Rdf1 Bxg4 32. Rxg4 Rf3 33. Rxh4+ Kg8
34. Qxe4 Qxe4 35. Rxe4 Rxh3 36. Re2 Rh4 37. b3 Rg4 38. Kb1 Rxg5 39. f4 Rf5 40.
Ref2 Bf6 41. Kc2 exf4 42. Rxf4 Rg5 43. R4f2 Rg3 44. Kb1 Kf8 45. Rd1 Ke8 46. d6
Rg7 47. Re2 e5 48. Rf1 Kf7 49. Rxe5 Rg1 50. Ref5 Rxf1+ 51. Rxf1 Ke6 52. Rd1 Bd4
53. Rh1 Kxd6 54. Rh7 a5 55. a4 Kc6 56. Kc2 Be5 57. Kd3 Bg3 58. Ke4 Bc7 59. Kf5
Bg3 60. Ke6 Bb8 61. Rh6 Bd6 62. Rg6 Bc7 63. Kf7+ Kd7 64. Rg5 Kc6 65. Rd5 Bd6
66. Ke8 Bc7 67. Ke7 Bf4 68. Kd8 Bc7+ 69. Ke7 1/2-1/2

[Event "Stadtmeisterschaft Ulm/Neu-Ulm 2009"]
[Site "Ulm"]
[Date "2009.10.16"]
[Round "3"]
[White "Kirn, Philipp"]
[Black "Ziad, Amar"]
[Result "0-1"]
[ECO "D35"]
[WhiteElo "1130"]
[BlackElo "1488"]
[Annotator ",Fred"]
[PlyCount "24"]
[EventDate "2009.??.??"]
[TimeControl "40/5400+30:0"]

1. d4 d5 2. c4 e6 3. Nc3 Nf6 4. Bf4 Be7 5. Nf3 O-O 6. Nb5 Na6 7. Rc1 c6 8. Na3
Bxa3 9. bxa3 Qa5+ 10. Qd2 Qxa3 11. Rc3 Qa5 12. e3 Ne4 0-1

[Event "Stadtmeisterschaft Ulm/Neu Ulm 2009"]
[Site "Ulm"]
[Date "2009.10.30"]
[Round "4"]
[White "Smolny, Frieder"]
[Black "Anistratov, Dimitrij"]
[Result "1-0"]
[ECO "C44"]
[WhiteElo "2047"]
[BlackElo "2274"]
[Annotator ",Fred"]
[PlyCount "67"]
[EventDate "2009.??.??"]
[TimeControl "40/5400+30:0"]

1. e4 d6 2. d4 Nf6 3. Bd3 e5 4. c3 Nc6 5. Nf3 Be7 6. O-O O-O 7. Nbd2 Ne8 8.
dxe5 Nxe5 9. Nxe5 dxe5 10. Nc4 f6 11. f4 exf4 12. Bxf4 Be6 13. Qc2 g5 14. Bg3
Ng7 15. Ne3 Bc5 16. Bf2 Qe7 17. Rae1 Bxe3 18. Bxe3 Rad8 19. Rd1 c5 20. Qa4 b6
21. b4 c4 22. Bc2 Rxd1 23. Rxd1 Rc8 24. Qa3 Bf7 25. Qc1 Bg6 26. Re1 Re8 27. Ba4
Rd8 28. Bc6 Kf8 29. Bd5 Bxe4 30. Bxe4 Qxe4 31. Bxb6 Qd5 32. Bxd8 Qxd8 33. Qe3
a5 34. a3 1-0

[Event "Stadtmeisterschaft Ulm/Neu Ulm 2009"]
[Site "Ulm"]
[Date "2009.10.30"]
[Round "4"]
[White "Fuchs, Martin"]
[Black "Schulze, Andreas"]
[Result "0-1"]
[ECO "C43"]
[WhiteElo "1753"]
[BlackElo "2181"]
[Annotator ",Fred"]
[PlyCount "102"]
[EventDate "2009.??.??"]
[TimeControl "40/5400+30:0"]

1. e4 e5 2. Nf3 Nf6 3. d4 Nxe4 4. Bd3 d5 5. Nxe5 Nd7 6. Nxd7 Bxd7 7. O-O Bd6 8.
Nd2 Nxd2 9. Bxd2 Qh4 10. f4 O-O-O 11. Qf3 Bg4 12. Qf2 Qh5 13. h3 Bd7 14. Qf3
Qxf3 15. Rxf3 Rhe8 16. Kf2 c5 17. c3 c4 18. Bc2 f5 19. Re1 Rxe1 20. Kxe1 a5 21.
b3 b5 22. Rf1 Kc7 23. Kf2 Rb8 24. Rb1 b4 25. Kf3 h5 26. g3 g6 27. h4 bxc3 28.
Bxc3 Bb4 29. Bb2 Re8 30. a3 Bd2 31. Rd1 c3 32. Bc1 Bb5 33. Rg1 Re3+ 34. Kf2
Re2+ 35. Kf3 Kd7 36. Rd1 Rh2 37. Bxd2 Be2+ 38. Ke3 Bxd1 39. Bxd1 Rxd2 40. Be2
Rxd4 41. Bd3 Rxd3+ 42. Kxd3 d4 43. Kc2 Kc6 44. Kd3 Kd5 45. Kc2 a4 46. b4 Kc4
47. Kd1 d3 48. Kc1 Kb3 49. b5 c2 50. b6 Kc3 51. b7 d2# 0-1

[Event "Stadtmeisterschaft Ulm/Neu Ulm 2009"]
[Site "Ulm"]
[Date "2009.10.30"]
[Round "4"]
[White "Unseld, Rolf"]
[Black "Krassowizkij, Jaroslaw"]
[Result "0-1"]
[ECO "B21"]
[WhiteElo "1740"]
[BlackElo "2110"]
[Annotator ",Fred"]
[PlyCount "70"]
[EventDate "2009.??.??"]
[TimeControl "40/5400+30:0"]

1. e4 c5 2. d4 cxd4 3. c3 dxc3 4. Nxc3 Nc6 5. Bc4 d6 6. Nf3 a6 7. O-O Nf6 8. h3
e6 9. Qe2 Be7 10. Rd1 Bd7 11. e5 Nxe5 12. Nxe5 dxe5 13. Qxe5 Rc8 14. Bb3 Qc7
15. Qg5 Qc5 16. Qg3 Bc6 17. Be3 Qh5 18. Rd4 Qg6 19. Qh2 Bc5 20. Rd2 Bxe3 21.
fxe3 O-O 22. Rad1 Qg5 23. Qf4 Qc5 24. Kh1 b5 25. Rd4 e5 26. Qg5 Bxg2+ 27. Qxg2
exd4 28. exd4 Qd6 29. Rg1 g6 30. Qg5 Kg7 31. Ne2 Ne4 32. Qe3 Rfd8 33. Nf4 a5
34. Nh5+ Kh8 35. Qh6 Qf8 0-1

[Event "Stadtmeisterschaft Ulm/Neu Ulm 2009"]
[Site "Ulm"]
[Date "2009.10.30"]
[Round "4"]
[White "Schwab, Matthias"]
[Black "Schäufele, Jörg"]
[Result "1/2-1/2"]
[ECO "C55"]
[WhiteElo "2047"]
[BlackElo "1705"]
[Annotator ",Fred"]
[PlyCount "36"]
[EventDate "2009.??.??"]
[TimeControl "40/5400+30:0"]

1. e4 e5 2. Nf3 Nf6 3. Bc4 Nc6 4. O-O Bc5 5. d4 Bxd4 6. Nxd4 Nxd4 7. f4 d6 8.
fxe5 dxe5 9. Bg5 Be6 10. Bxe6 Nxe6 11. Qxd8+ Rxd8 12. Bxf6 gxf6 13. Nc3 c6 14.
Rxf6 Ke7 15. Rf2 Rd4 16. Raf1 Rf8 17. Re2 Rfd8 18. Ref2 Rf8 1/2-1/2

[Event "Stadtmeisterschaft Ulm/Neu Ulm 2009"]
[Site "Ulm"]
[Date "2009.11.30"]
[Round "4"]
[White "Wolf, Rainer"]
[Black "Jahn, Manfred"]
[Result "1-0"]
[ECO "A06"]
[WhiteElo "1961"]
[BlackElo "1689"]
[Annotator ",Fred"]
[PlyCount "85"]
[EventDate "2009.??.??"]
[TimeControl "40/5400+30:0"]

1. Nf3 d5 2. e3 Nf6 3. Be2 c5 4. d4 Nc6 5. O-O Bg4 6. h3 Bxf3 7. Bxf3 e6 8. Nc3
Bd6 9. Nb5 Be7 10. c4 dxc4 11. dxc5 O-O 12. Bxc6 bxc6 13. Nd6 Qa5 14. Qd4 Rfd8
15. Bd2 Qc7 16. Bb4 Ne8 17. Nxe8 Rxe8 18. Qxc4 a5 19. Ba3 Rab8 20. Rad1 Rb5 21.
Rd3 Qe5 22. Rc1 Reb8 23. Rd7 Bf6 24. Rcd1 Qg5 25. b3 Be7 26. f4 Qf6 27. Qd4
R5b7 28. Qxf6 Bxf6 29. Rxb7 Rxb7 30. Bb2 Be7 31. Be5 f6 32. Bd6 Kf7 33. Bxe7
Kxe7 34. Rd6 Rd7 35. Rxc6 Rd1+ 36. Kh2 Rd2 37. Rc7+ Kf8 38. a3 Rd3 39. b4 Rxa3
40. b5 Rb3 41. b6 Ke8 42. Rxg7 Rb5 43. b7 1-0

[Event "Stadtmeisterschaft Ulm/Neu Ulm 2009"]
[Site "Ulm"]
[Date "2009.10.30"]
[Round "4"]
[White "Lepschi, Albert"]
[Black "Geutebrück, Sebastian"]
[Result "1/2-1/2"]
[ECO "D16"]
[WhiteElo "1716"]
[BlackElo "1910"]
[Annotator ",Fred"]
[PlyCount "39"]
[EventDate "2009.??.??"]
[TimeControl "40/5400+30:0"]

1. d4 d5 2. c4 c6 3. Nf3 Nf6 4. Nc3 dxc4 5. a4 Na6 6. e4 Bg4 7. Bxc4 e6 8. Be3
Be7 9. O-O O-O 10. d5 exd5 11. exd5 Nb4 12. dxc6 Qxd1 13. Raxd1 Bxf3 14. gxf3
Nxc6 15. Nd5 Rac8 16. Nxe7+ Nxe7 17. b3 a6 18. Bg5 Rc6 19. Bxf6 Rxf6 20. Rd7
1/2-1/2

[Event "Stadtmeisterschaft Ulm/Neu Ulm 2009"]
[Site "Ulm"]
[Date "2009.10.30"]
[Round "4"]
[White "Hatrmann, Thomas"]
[Black "Späth, Gerhard"]
[Result "1/2-1/2"]
[ECO "D36"]
[WhiteElo "1871"]
[BlackElo "1683"]
[Annotator ",Fred"]
[PlyCount "125"]
[EventDate "2009.??.??"]
[TimeControl "40/5400+30:0"]

1. d4 d5 2. c4 e6 3. Nc3 Nf6 4. Bg5 Nbd7 5. cxd5 exd5 6. e3 c6 7. Bd3 Be7 8.
Qc2 h6 9. Bh4 Nh5 10. Bg3 Nxg3 11. hxg3 Nf6 12. Nf3 Bd6 13. a3 Qe7 14. Ne2 Ng4
15. Qd2 O-O 16. Rc1 Re8 17. Rc3 Bd7 18. Bb1 Nf6 19. Rb3 b5 20. Nh4 Ne4 21. Qc2
a5 22. f3 a4 23. Rc3 Nf6 24. Nf5 Bxf5 25. Qxf5 b4 26. Rd3 bxa3 27. bxa3 Bxa3
28. O-O Bd6 29. Nf4 Bxf4 30. gxf4 a3 31. Ba2 Rab8 32. Bb3 Ra8 33. Rc3 Qb7 34.
Qc2 Ra6 35. Rb1 Qa8 36. Ba2 Re6 37. Rbb3 Nd7 38. Qc1 Nf6 39. Rxa3 Rxa3 40. Rxa3
Qb7 41. Rc3 Qa6 42. Qc2 Ne8 43. e4 Nf6 44. f5 Re8 45. e5 Nh5 46. Rxc6 Qa7 47.
Rc5 Nf4 48. Kh2 Qb7 49. g3 Qb4 50. gxf4 Qxd4 51. Bxd5 Qxf4+ 52. Kg2 Rxe5 53.
Bxf7+ Kxf7 54. Rc7+ Kg8 55. Rc8+ Kh7 56. f6+ Qf5 57. Qxf5+ Rxf5 58. fxg7 Kxg7
59. Rc7+ Kg6 60. Kg3 Kg5 61. Rc8 Kh5 62. Rg8 Rf6 63. Rg7 1/2-1/2

[Event "Stadtmeisterschaft Ulm/Neu Ulm 2009"]
[Site "Ulm"]
[Date "2009.11.06"]
[Round "4"]
[White "Grosse, Manfred"]
[Black "Frühsorger, Dieter"]
[Result "1-0"]
[ECO "D90"]
[WhiteElo "1853"]
[BlackElo "1623"]
[Annotator ",Fred"]
[PlyCount "67"]
[EventDate "2009.??.??"]
[TimeControl "40/5400+30:0"]

1. d4 Nf6 2. c4 g6 3. Nc3 d5 4. Nf3 Bg7 5. h3 O-O 6. cxd5 Nxd5 7. e4 Nxc3 8.
bxc3 c5 9. Be3 Qa5 10. Qd2 Nc6 11. Be2 Rd8 12. Rd1 Be6 13. O-O Qxa2 14. d5 Qxd2
15. Bxd2 Bxd5 16. exd5 Rxd5 17. Bc4 Rdd8 18. Rb1 Ne5 19. Nxe5 Bxe5 20. Bg5 Bxc3
21. Rxb7 Rd4 22. Be2 e6 23. Bf3 a5 24. Rc7 Rb8 25. Rxc5 Bb4 26. Rc7 a4 27. Be3
Rd3 28. Ra7 a3 29. Bf4 Rc8 30. Rb1 Bf8 31. Rbb7 Rc2 32. Ra8 Kg7 33. Be5+ Kg8
34. Bf6 1-0

[Event "Stadtmeisterschaft Ulm/Neu Ulm 2009"]
[Site "Ulm"]
[Date "2009.09.30"]
[Round "4"]
[White "Kühn, Bernd"]
[Black "Deißler, Helmut"]
[Result "0-1"]
[ECO "B29"]
[WhiteElo "1702"]
[BlackElo "1799"]
[Annotator ",Fred"]
[PlyCount "30"]
[EventDate "2009.??.??"]
[TimeControl "40/5400+30:0"]

1. Nf3 c5 2. e4 Nf6 3. d3 d5 4. Nbd2 Nc6 5. g3 Bg4 6. Bg2 Qd7 7. O-O dxe4 8.
dxe4 Rd8 9. Re1 g6 10. c3 Bh6 11. Qc2 O-O 12. Nb3 Bxc1 13. Nxc5 Qc7 14. Raxc1
Bxf3 15. Bxf3 Ne5 0-1

[Event "Stadtmeisterschaft Ulm/Neu Ulm 2009"]
[Site "Ulm"]
[Date "2009.10.30"]
[Round "4"]
[White "Hengstberger, Ulli"]
[Black "Schmid, Franz"]
[Result "1/2-1/2"]
[ECO "E76"]
[WhiteElo "1471"]
[BlackElo "1920"]
[Annotator ",Fred"]
[PlyCount "123"]
[EventDate "2009.??.??"]
[TimeControl "40/5400+30:0"]

1. c4 g6 2. Nc3 Bg7 3. d4 d6 4. e4 Nf6 5. f4 O-O 6. Nf3 c6 7. Be2 Nbd7 8. O-O
Qc7 9. h3 e5 10. fxe5 dxe5 11. d5 Nh5 12. Rf2 Ng3 13. d6 Qb6 14. Na4 Qd8 15.
Kh2 Nxe4 16. Rf1 Nb6 17. Nxb6 axb6 18. Be3 Be6 19. Qb3 Nxd6 20. Bxb6 Qb8 21.
Ng5 Re8 22. Nxe6 Rxe6 23. Rad1 Qe8 24. c5 Nf5 25. Bg4 e4 26. Bxf5 gxf5 27. Rxf5
e3 28. Re1 Qe7 29. Re2 Re8 30. Ba5 Re5 31. Qc2 Qe6 32. Rf3 Re4 33. Bc3 Bxc3 34.
Qxc3 Qe5+ 35. Qxe5 R8xe5 36. g4 Rxc5 37. Kg3 Rce5 38. Rf4 h5 39. Rxe4 Rxe4 40.
Kf3 Ra4 41. a3 hxg4+ 42. hxg4 Kg7 43. Rxe3 Kf6 44. Rc3 Ke5 45. Re3+ Kd6 46. Re4
Ra5 47. Rb4 b5 48. Rf4 Ra7 49. Rf5 Ke6 50. Ke3 Rd7 51. Rc5 Kd6 52. Rf5 c5 53.
Kd3 Ke6+ 54. Kc3 Kd6 55. b4 Ra7 56. bxc5+ Kc6 57. Kb4 Ra4+ 58. Kb3 Rxg4 59.
Rxf7 Kxc5 60. Rf5+ Kb6 61. Rf6+ Ka5 62. Rf3 1/2-1/2

[Event "Stadtmeisterschaft Ulm/Neu Ulm 2009"]
[Site "Ulm"]
[Date "2009.10.30"]
[Round "4"]
[White "Krauß, Rainer"]
[Black "Schmidt, Waldemar"]
[Result "1-0"]
[ECO "B94"]
[WhiteElo "1726"]
[BlackElo "1689"]
[Annotator ",Fred"]
[PlyCount "101"]
[EventDate "2009.??.??"]
[TimeControl "40/5400+30:0"]

1. e4 c5 2. Nf3 d6 3. d4 cxd4 4. Nxd4 Nf6 5. Nc3 a6 6. Bg5 Nbd7 7. Bc4 g6 8.
O-O Bg7 9. Re1 O-O 10. Qd2 Re8 11. Rad1 Qc7 12. Bb3 Nc5 13. Bxf6 exf6 14. Bd5
Rb8 15. Nb3 b5 16. a3 f5 17. Nxc5 Qxc5 18. exf5 Bxf5 19. Rxe8+ Rxe8 20. Re1
Rxe1+ 21. Qxe1 Kf8 22. Bb3 a5 23. Nd5 Be6 24. Qxa5 Bd4 25. Qd8+ Kg7 26. Nc7
Bxb3 27. Ne8+ Kh6 28. Qh4+ Qh5 29. Qxh5+ Kxh5 30. cxb3 Be5 31. Nc7 b4 32. a4
Bxb2 33. a5 Bd4 34. Nb5 Bc5 35. a6 Kg5 36. a7 Bxa7 37. Nxa7 Kf5 38. Nc6 Ke4 39.
Nxb4 Kd4 40. Nc6+ Kc5 41. Nd8 f5 42. Kf1 Kb4 43. Ke2 Kxb3 44. Kd3 Kb2 45. Nf7
d5 46. Ng5 h6 47. Nf7 Kc1 48. Nxh6 Kd1 49. g4 fxg4 50. Nxg4 Ke1 51. h4 1-0

[Event "Stadtmeisterschaft Ulm/Neu Ulm 2009"]
[Site "Ulm"]
[Date "2009.10.30"]
[Round "4"]
[White "Sander, Luzia"]
[Black "Förderreuther, Jonas"]
[Result "1-0"]
[ECO "A01"]
[WhiteElo "1786"]
[BlackElo "1623"]
[Annotator ",Fred"]
[PlyCount "57"]
[EventDate "2009.??.??"]
[TimeControl "40/5400+30:0"]

1. b3 d5 2. Bb2 c5 3. e3 Nc6 4. f4 e6 5. Nf3 Nf6 6. Be2 Bd6 7. O-O Qe7 8. d4
cxd4 9. Nxd4 e5 10. Nb5 Bc5 11. fxe5 Bxe3+ 12. Kh1 Nxe5 13. Qe1 a6 14. Qg3 Ne4
15. Qxg7 Ng6 16. Ba3 Bc5 17. Bxc5 Qxc5 18. Qxf7+ Kd8 19. b4 Qe3 20. Qxd5+ Bd7
21. Nd4 Nf2+ 22. Rxf2 Qxf2 23. Nc3 Nf4 24. Qxb7 Rc8 25. Qb6+ Ke8 26. Bf3 Rxc3
27. Qb8+ Rc8 28. Qxf4 Rg8 29. Bh5+ 1-0